Map: Proxima Station LE

Players

SpeCiaL - Winner!

  • Race: Terran Terran
  • Spawn Location: 7:00

Dayshi

  • Race: Terran Terran
  • Spawn Location: 1:00

Event: WCS Valencia 2017

VOD

Have the link to the VOD?

Description

Time

  • Played on: July 13, 2017, 12:46 p.m.
  • Length: 15:46

All games in this series

Show
View Real Time Build Order
Export as new Build Order

SpeCiaL Terran - Winner!

Build Orders: Bio Tank 

Get SALT Encoding   

  12  0:00  SCV  
  13  0:12  SCV  
  14  0:18  Supply Depot  
  14  0:25  SCV  
  15  0:29  Refinery  
  15  0:39  SCV  
  16  0:45  Barracks  
  16  0:51  SCV  
  17  1:03  SCV  
  18  1:15  SCV  
  20  1:33  Orbital Command, Reaper  
  20  1:46  Command Center  
  20  1:56  Factory  
  20  2:01  SCV  
  21  2:08  Barracks Reactor  
  21  2:11  Supply Depot  
  21  2:13  SCV  
  22  2:18  Refinery  
  22  2:25  SCV  
  23  2:37  SCV  
  23  2:43  Starport  
  24  2:44  Marine x2  
  24  2:49  SCV  
  24  2:50  Factory Tech Lab  
  27  2:59  Orbital Command  
  27  3:01  SCV  
  27  3:05  Marine x2  
  33  3:14  SCV  
  34  3:22  Marine x2  
  34  3:25  SCV  
  34  3:26  SCV  
  35  3:29  Raven  
  37  3:35  Supply Depot  
  37  3:37  SCV  
  37  3:38  SCV  
  37  3:40  Marine x2  
  41  3:44  Cyclone  
  44  3:50  SCV  
  44  3:51  SCV  
  46  3:56  Supply Depot  
  46  3:58  Marine x2  
  46  4:02  SCV  
  49  4:03  SCV  
  50  4:14  SCV, Command Center  
  50  4:16  Marine x2  
  53  4:17  SCV  
  53  4:20  Raven  
  56  4:25  Factory Tech Lab  
  56  4:27  Supply Depot  
  56  4:28  SCV  
  56  4:29  SCV  
  58  4:34  Refinery  
  58  4:37  Marine x2  
  59  4:40  SCV  
  59  4:41  SCV  
  59  4:42  Refinery  
  61  4:49  Siege Tank  
  61  4:52  SCV  
  65  4:53  SCV, Supply Depot  
  67  5:04  SCV  
  67  5:05  SCV  
  68  5:09  Viking  
  68  5:12  Barracks  
  70  5:16  Marine  
  70  5:17  Stimpack, SCV  
  70  5:18  SCV, Barracks  
  73  5:27  Siege Tank, Supply Depot  
  76  5:29  SCV  
  76  5:30  SCV  
  76  5:35  Orbital Command  
  78  5:40  Marine  
  78  5:41  SCV, Starport Reactor  
  78  5:42  SCV  
  81  5:46  Engineering Bay  
  81  5:51  Engineering Bay  
  81  5:53  SCV  
  81  5:54  SCV  
  83  5:57  Marine  
  83  5:59  Siege Tank  
  83  6:00  Marine  
  83  6:02  Marine  
  88  6:04  Orbital Command  
  88  6:05  SCV  
  88  6:10  SCV  
  90  6:13  Terran Infantry Weapons Level 1  
  90  6:14  Supply Depot  
  90  6:16  Supply Depot  
  90  6:17  SCV  
  91  6:18  Barracks Reactor, Marine  
  91  6:19  Marine, Medivac x2  
  91  6:24  SCV  
  98  6:29  SCV x2  
  100  6:37  SCV, Supply Depot  
  100  6:38  Supply Depot  
  100  6:39  Missile Turret  
  101  6:41  SCV, Barracks  
  101  6:42  Barracks  
  101  6:45  SCV  
  101  6:46  Marine x2  
  105  6:49  SCV  
  105  6:53  Siege Tank, SCV  
  110  6:57  SCV, Medivac  
  110  6:58  Medivac  
  110  7:01  SCV  
  116  7:03  Refinery  
  116  7:05  SCV, Refinery  
  116  7:06  Marine x3  
  120  7:09  SCV  
  120  7:12  Marine  
  112  7:16  SCV  
  112  7:18  SCV  
  110  7:25  Marine x2  
  110  7:27  Medivac  
  110  7:28  Medivac  
  115  7:31  Siege Tank, Marine x4  
  116  7:42  SCV x3  
  117  7:53  Barracks Reactor x2, Marine x2  
  117  7:54  Marine, SCV  
  117  7:57  SCV x2, Medivac  
  125  8:00  Marine x2  
  126  8:06  SCV  
  126  8:09  SCV, Armory  
  126  8:10  SCV  
  126  8:11  Marine x2  
  126  8:12  Marine  
  129  8:13  Siege Tank  
  129  8:18  Marine  
  133  8:25  Marine  
  133  8:28  SCV x3, Supply Depot  
  133  8:29  Marine x4  
  133  8:30  Marine, Supply Depot  
  141  8:38  Marine  
  141  8:47  Marine x8, Sensor Tower  
  149  8:49  Sensor Tower  
  149  8:51  Siege Tank  
  152  8:56  Marine  
  152  8:59  SCV x2  
  152  9:01  Terran Infantry Weapons Level 2  
  155  9:02  Terran Infantry Armor Level 1  
  155  9:04  Marine x3  
  155  9:07  Factory  
  155  9:08  Marine x5  
  163  9:14  Marine  
  153  9:22  Marine x2  
  153  9:23  Marine  
  142  9:24  Siege Tank  
  142  9:25  Marine  
  142  9:26  Marine x3  
  142  9:27  Marine  
  147  9:31  Marine  
  147  9:33  Supply Depot, Terran Vehicle Weapons Level 1  
  148  9:40  Marine x2  
  148  9:41  Marine  
  148  9:43  Marine x2  
  148  9:44  Marine  
  148  9:45  Marine x2  
  152  9:49  Marine  
  146  9:58  Marine x2  
  146  9:59  Marine, Command Center  
  149  10:01  Marine x3  
  149  10:03  Marine x2  
  154  10:07  Marine  
  155  10:16  Marine x2  
  155  10:17  Marine, Supply Depot  
  155  10:19  Marine x3  
  155  10:20  Marine  
  155  10:21  Marine  
  163  10:22  Missile Turret  
  163  10:23  Siege Tank  
  163  10:25  Marine  
  165  10:33  Marine x2  
  165  10:34  Marine  
  165  10:35  Combat Shields  
  163  10:37  Marine x3  
  163  10:38  Marine x2  
  168  10:43  Marine  
  167  10:51  Marine x2  
  167  10:52  Marine  
  167  10:55  Siege Tank, Marine x3  
  167  10:56  Marine x2  
  178  10:59  Medivac  
  178  11:02  Marine  
  181  11:09  Marine x2  
  181  11:10  Marine  
  181  11:11  Liberator  
  172  11:12  Liberator, Marine x2  
  172  11:15  Marine  
  147  11:21  SCV x3, Factory Tech Lab  
  147  11:22  Marine  
  147  11:23  Marine x2  
  135  11:27  Marine x2  
  135  11:28  Marine  
  135  11:30  Marine x2  
  141  11:38  Marine  
  140  11:40  Marine  
  140  11:41  Marine x2  
  140  11:44  SCV x2  
  142  11:48  Marine x2  
  142  11:52  Marine  
  142  11:53  Marine  
  146  11:59  Marine  
  146  12:00  Marine x2  
  149  12:06  Siege Tank  
  150  12:19  Marine  
  150  12:22  Marine x2  
  146  12:30  Siege Tank  
  146  12:31  Marine x2  
  146  12:33  Marine  
  146  12:34  Marine  
  146  12:35  Marine  
  152  12:38  Siege Tank  
  152  12:39  Marine x2  
  152  12:40  Marine  
  152  12:42  Marine  
  152  12:43  Terran Infantry Armor Level 2, Terran Infantry Weapons Level 3  
  158  12:45  Medivac  
  158  12:49  Marine x2  
  161  12:51  Marine  
  161  12:52  Marine  
  161  12:57  SCV x3  
  166  13:01  Marine x3  
  166  13:02  Siege Tank, Supply Depot  
  166  13:05  Marine  
  172  13:08  Marine x2  
  172  13:10  Siege Tank, Marine  
  172  13:12  Marine  
  180  13:14  Marine  
  180  13:19  Marine  
  175  13:20  Marine x2  
  175  13:23  Marine  
  175  13:26  Marine x2  
  162  13:28  Marine  
  162  13:34  Medivac  
  158  13:37  Marine  
  141  13:41  Marine x2  
  141  13:46  Marine x2  
  141  13:48  Marine  
  131  13:56  Marine x2  
  131  13:58  Marine  
  132  14:03  Medivac  
  132  14:05  Medivac  
  132  14:09  Marine x2  
  138  14:14  Marine  
  138  14:17  Marine  
  140  14:25  Marine  
  140  14:28  Marine  
  142  14:32  Marine  
  142  14:33  Marine  
  117  14:38  Marine  
  117  14:40  Marine x2  
  117  14:45  Marine x3  
  101  14:46  Marine  
  101  14:50  Marine  
  101  14:51  Marine  
  105  14:56  Marine  
  105  14:57  Marine x2  
  108  15:03  Marine x2  
  108  15:04  Marine  
  108  15:05  Marine  
  112  15:12  Marine x2  
  115  15:21  Marine  
  115  15:27  Marine  
  115  15:28  Marine  
Show
View Real Time Build Order
Export as new Build Order

Dayshi Terran 

Build Orders: Reaper Expand, Bio Tank 

Get SALT Encoding   

  12  0:00  SCV  
  13  0:12  SCV  
  14  0:17  Supply Depot  
  14  0:24  SCV  
  15  0:28  Refinery  
  15  0:39  SCV  
  16  0:45  Barracks  
  16  0:51  SCV  
  17  1:03  SCV  
  18  1:15  SCV  
  19  1:32  Orbital Command, Reaper  
  20  1:44  Command Center  
  20  1:54  Factory  
  20  1:58  SCV  
  21  2:06  Barracks Reactor  
  21  2:07  Supply Depot  
  21  2:11  SCV  
  21  2:14  Refinery  
  22  2:23  SCV  
  23  2:35  SCV  
  24  2:40  Starport  
  24  2:42  Marine x2  
  26  2:45  Widow Mine  
  26  2:47  SCV  
  29  2:56  Orbital Command  
  29  2:59  SCV, Marine  
  29  3:00  Marine  
  32  3:14  SCV  
  32  3:17  Factory Tech Lab, Viking  
  35  3:23  SCV  
  35  3:24  Marine  
  35  3:25  Marine  
  35  3:26  SCV  
  39  3:30  Supply Depot  
  39  3:36  SCV  
  39  3:38  SCV  
  41  3:42  Marine x2  
  41  3:46  Factory Tech Lab  
  41  3:48  SCV  
  44  3:50  SCV  
  44  3:52  Supply Depot  
  44  3:54  Raven  
  47  4:00  SCV  
  47  4:02  SCV  
  49  4:05  Barracks  
  49  4:08  Siege Tank  
  52  4:13  Barracks  
  52  4:14  SCV x2  
  54  4:17  Marine x2  
  56  4:24  Supply Depot  
  56  4:27  SCV x2  
  58  4:39  SCV x2  
  60  4:45  Siege Tank  
  60  4:47  Refinery, Supply Depot  
  60  4:48  Refinery  
  60  4:49  Starport Reactor  
  60  4:50  Marine  
  60  4:51  SCV x2  
  66  4:59  Stimpack  
  66  5:03  Marine x2  
  66  5:04  SCV x2  
  70  5:11  Supply Depot  
  70  5:15  Barracks Reactor, Marine  
  70  5:17  SCV x2  
  70  5:21  Siege Tank, Marine  
  74  5:24  Marine  
  76  5:35  Starport Reactor  
  76  5:36  Marine x3  
  76  5:38  Marine  
  80  5:43  Command Center  
  80  5:44  SCV x2  
  80  5:47  Marine  
  80  5:49  Engineering Bay  
  83  5:50  Engineering Bay  
  83  5:51  Supply Depot  
  83  5:54  Marine, Supply Depot  
  83  5:55  Marine  
  83  5:56  Marine  
  86  6:13  Marine  
  86  6:15  Marine x3  
  86  6:18  Terran Infantry Armor Level 1, Terran Infantry Weapons Level 1  
  90  6:19  Barracks  
  90  6:20  Barracks  
  90  6:23  Medivac  
  90  6:24  Medivac  
  93  6:28  Siege Tank  
  96  6:34  SCV x2  
  96  6:36  Marine  
  96  6:37  Marine x3  
  102  6:46  Armory  
  102  6:51  Marine, SCV x2  
  105  6:54  Marine  
  105  6:58  Marine x3  
  105  7:00  Combat Shields  
  109  7:04  Siege Tank  
  112  7:09  Marine  
  112  7:12  Marine x3  
  117  7:16  Marine x2, Orbital Command  
  117  7:18  Marine  
  115  7:29  Marine  
  97  7:41  Marine  
  97  7:42  Barracks Reactor, Marine x3  
  94  7:45  Barracks Reactor, SCV x3  
  94  7:47  Terran Vehicle And Ship Armor Level 1, Marine  
  94  7:48  Siege Tank  
  95  7:57  SCV x2  
  95  7:58  SCV  
  97  7:59  Marine x2, Medivac x2  
  97  8:02  Refinery x2  
  97  8:04  Supply Depot  
  103  8:09  Marine x2, SCV  
  103  8:12  Terran Infantry Armor Level 2, Terran Infantry Weapons Level 2  
  104  8:16  SCV  
  104  8:17  SCV  
  104  8:18  Marine x3  
  109  8:20  Marine  
  109  8:22  Marine x2  
  109  8:25  Siege Tank  
  115  8:27  Marine x2  
  115  8:30  SCV  
  115  8:31  SCV x2  
  120  8:34  Medivac, Supply Depot  
  122  8:42  Marine x6  
  122  8:43  Marine  
  122  8:44  Medivac  
  122  8:47  Marine  
  132  8:49  Marine  
  132  8:57  Siege Tank  
  132  8:58  Supply Depot  
  132  9:00  Marine x5  
  140  9:03  Supply Depot x2  
  140  9:04  Marine  
  141  9:14  Marine x3, Medivac x2  
  138  9:22  Marine  
  134  9:24  Marine x4  
  134  9:27  Supply Depot  
  134  9:28  Marine  
  139  9:32  Marine x3  
  139  9:35  Siege Tank  
  141  9:40  Marine  
  141  9:41  Terran Vehicle Weapons Level 1  
  141  9:42  Marine x3  
  141  9:45  Factory  
  145  9:46  Missile Turret  
  145  9:49  Missile Turret  
  145  9:54  Marine x4  
  145  9:57  Supply Depot  
  145  9:59  Medivac x2  
  153  10:02  Marine x3  
  153  10:03  Marine  
  157  10:07  Siege Tank  
  157  10:13  Marine  
  157  10:14  Marine x4  
  164  10:20  Marine x2  
  167  10:24  Marine  
  167  10:25  Marine  
  169  10:31  Marine x4  
  169  10:34  Terran Infantry Weapons Level 3, Terran Infantry Armor Level 3  
  167  10:36  Marine  
  167  10:38  Marine  
  167  10:40  Siege Tank  
  167  10:41  Marine  
  173  10:45  Marine  
  175  10:51  Medivac x2  
  175  10:56  Command Center  
  178  10:58  Marine x2  
  168  11:13  Marine  
  148  11:19  Siege Tank  
  148  11:21  Factory Tech Lab, Medivac x2  
  148  11:23  Marine  
  148  11:24  Marine  
  152  11:29  Marine  
  152  11:30  Marine x3  
  150  11:44  Siege Tank  
  151  11:49  Marine x6  
  151  11:50  Marine x3  
  151  11:51  Siege Tank, Medivac x2  
  167  12:03  SCV x3  
  167  12:07  Marine x3  
  173  12:15  SCV x2  
  175  12:16  Siege Tank  
  175  12:19  Terran Vehicle Weapons Level 2  
  175  12:21  Viking x2  
  179  12:23  Siege Tank  
  166  12:30  Marine x3  
  166  12:36  Marine  
  166  12:37  Marine x3  
  158  12:40  Marine  
  157  12:46  Marine  
  157  12:48  Siege Tank, Marine x3  
  159  12:54  Marine x2  
  159  12:55  Siege Tank  
  164  12:59  SCV  
  164  13:00  SCV x2  
  165  13:10  Marine x3  
  165  13:11  SCV  
  169  13:16  Marine x4  
  169  13:19  Marine x2  
  167  13:20  Siege Tank  
  131  13:27  Siege Tank  
  131  13:28  Marine x3  
  131  13:33  Marine  
  131  13:34  Marine  
  122  13:37  Marine x3  
  108  13:46  Planetary Fortress  
  107  13:48  SCV  
  107  13:49  SCV x2  
  107  13:52  Siege Tank  
  113  13:59  Siege Tank  
  113  14:02  Marine x4  
  117  14:03  Marine  
  117  14:09  Marine x4  
  125  14:20  Marine x3  
  125  14:24  Siege Tank  
  125  14:25  Marine  
  125  14:28  Marine x2  
  131  14:31  Siege Tank  
  111  14:50  Marine x3  
  110  14:53  Marine x3  
  110  14:56  Siege Tank  
  110  15:02  Marine x3  
  110  15:07  SCV x4, Marine  
  115  15:13  Marine x3  
  121  15:20  Marine  
  129  15:25  Marine  
  130  15:45  Factory  
  130  15:46  Barracks x2  
Tags
 
Add a new tag
Caveats
  • Supply blocks, unpowered buildings, or Contaminate may cause inaccurate times.
  • Supply counts are checked every 10 seconds.